 Dungeon Crawl Stone Soup version 0.26-a0-639-g72c4674329 (webtiles) character file.

Game seed: 207933352486715590

162 Colgate the Stinger (level 5, 35/35 HPs)
             Began as a Demonspawn Venom Mage on Sept 15, 2020.
             Was an Initiate of Gozag.
             Quit the game on level 2 of the Dungeon.
             The game lasted 00:13:53 (3135 turns).

Colgate the Stinger (Demonspawn Venom Mage)         Turns: 3135, Time: 00:13:53

Health: 35/35      AC:  8    Str:  8    XL:     5   Next: 19%
Magic:  8/8        EV: 12    Int: 18    God:    Gozag
Gold:   117        SH:  0    Dex: 13    Spells: 2/8 levels left

rFire    . . .     SeeInvis .   a - +0 hunting sling
rCold    . . .     Faith    .   (no shield)
rNeg     . . .     Spirit   .   h - +0 robe
rPois    .         Reflect  .   (no helmet)
rElec    .         Harm     .   k - +0 cloak
rCorr    .         Rampage  .   f - +0 pair of gloves
MR       .....                  (no boots)
Stlth    ++........             (no amulet)
HPRegen  0.11/turn              (no ring)
MPRegen  0.11/turn              (no ring)

@: no status effects
A: talons 2, iridescent scales 2
a: Potion Petition, Call Merchant, Bribe Branch, Renounce Religion


You were on level 2 of the Dungeon.
You worshipped Gozag.
Gozag was aware of your devotion.
You visited 1 branch of the dungeon, and saw 2 of its levels.

You collected 157 gold pieces.
You paid 40 gold pieces to Gozag.

Inventory:

Hand Weapons
 a - a +0 hunting sling (weapon)
 b - a +0 short sword
 e - a +0 dagger
Missiles
 c - 117 stones (quivered)
 i - 61 bolts
 n - 12 poisoned darts
 p - 26 arrows
Armour
 f - a +0 pair of gloves (worn)
 h - a +0 robe (worn)
 k - a +0 cloak (worn)
 q - a +0 ring mail
Scrolls
 d - a scroll of remove curse {unknown}
 j - 2 scrolls of teleportation {unknown}
 l - a scroll of immolation {unknown}
 o - a scroll of identify {unknown}
Potions
 g - a potion of degeneration {unknown}
 m - a potion of might {unknown}


   Skills:
 - Level 1.7 Dodging
 - Level 1.7 Stealth
 + Level 2.3 Spellcasting
 - Level 0.8 Transmutations
 - Level 3.3 Air Magic
 - Level 4.2 Poison Magic


You had 2 spell levels left.
You knew the following spells:

 Your Spells              Type           Power        Failure   Level
a - Sting                 Tmut/Pois      ##..         6%          1
b - Poisonous Vapours     Pois/Air       ###...       5%          2
c - Mephitic Cloud        Conj/Pois/Air  ##......     19%         3

Your spell library contained the following spells:

 Spells                   Type           Power        Failure   Level
 Ignite Poison            Fire/Tmut/Pois #.......     26%         3
 Olgreb's Toxic Radiance  Pois           ###.....     30%         4


Dungeon Overview and Level Annotations

Branches:
Dungeon (2/15)

Altars:
Gozag


Innate Abilities, Weirdness & Mutations

You have razor-sharp toenails.
You are mostly covered in iridescent scales. (AC +4)


Message History

You start removing your armour.
You continue taking off your +0 robe. x4
You finish taking off your +0 robe.
You start putting on your armour.
You continue putting on your +0 ring mail. x5
You finish putting on your +0 ring mail.
Okay, then.
You start removing your armour.
You continue taking off your +0 ring mail. x4
You finish taking off your +0 ring mail.
You start putting on your armour.
You continue putting on your +0 robe. x5
You finish putting on your +0 robe.
This spell is quite dangerous to cast!
Memorise Mephitic Cloud, consuming 3 spell levels and leaving 2?
You start memorising the spell.
You continue memorising. x3
You finish memorising.
Spell assigned to 'c'.
Partly explored, can't reach some items and places.
Welcome back, Colgate the Demonspawn Venom Mage.
Gozag says: Greed is good.
Press ? for a list of commands and other information.
Are you sure you want to abandon this character and quit the game? (Confirm with "yes".)

#.##.# ###.##.......# #.# #
#.##.# #......###.#.# #.# #
#.##.#####......# #.#>####.#
# #.##.....##.##..#
#'##.....# #
#.########♣.♣#####♣.♣#.#####
# #.# #...###...##<# # #.#
##.......##..# # ###
##).<..###..# # ###♣@♣##
#..######### ### #.#####
#...........
#≈#########.#.#.#
########.###
##≈##............# #.#
##≈≈≈########.#.#.# #.#
#≈≈≈≈# #.......# #.#
#≈≈≈≈######.###.#.###
#####.##
#≈≈≈≈#≈.....≈.≈..≈.≈##
#......##
#≈≈≈≈≈≈≈≈≈≈≈≈≈≈.≈≈...#
#.#..#...


There were no monsters in sight!

Vanquished Creatures
  A black bear (D:2)
  4 adders (D:2)
  An ooze (D:1)
  A dart slug (D:2)
  2 leopard geckos (D:2)
  A ball python (D:2)
  A giant cockroach (D:1)
  5 goblins
  5 hobgoblins
  3 kobolds
  7 bats
  2 frilled lizards (D:2)
  4 rats
37 creatures vanquished.

Notes
Turn   | Place    | Note
-------+----------+-------------------------------------------
     0 | D:1      | Colgate the Demonspawn Venom Mage began the quest for the
                  | Orb.
     0 | D:1      | Reached XP level 1. HP: 13/13 MP: 3/3
   369 | D:1      | Gained mutation: You are partially covered in iridescent
                  | scales. (AC +2) [demonic ancestry]
   369 | D:1      | Reached XP level 2. HP: 19/19 MP: 5/5
   397 | D:1      | Learned a level 2 spell: Poisonous Vapours
  1304 | D:2      | Reached skill level 4 in Poison Magic
  1304 | D:2      | Gained mutation: You have sharp toenails. [demonic
                  | ancestry]
  1304 | D:2      | Reached XP level 3. HP: 24/24 MP: 1/6
  1534 | D:2      | Reached skill level 1 in Air Magic
  1764 | D:2      | Noticed a black bear
  1768 | D:2      | Killed a black bear
  1768 | D:2      | Gained mutation: You have razor-sharp toenails. [demonic
                  | ancestry]
  1768 | D:2      | Reached XP level 4. HP: 30/30 MP: 0/7
  1768 | D:2      | Gained mutation: You are mostly covered in iridescent
                  | scales. (AC +4) [demonic ancestry]
  1768 | D:2      | Reached XP level 5. HP: 35/35 MP: 0/8
  2582 | D:2      | Found an opulent altar of Gozag.
  2677 | D:2      | Became a worshipper of Gozag Ym Sagoz the Greedy
  3135 | D:2      | Learned a level 3 spell: Mephitic Cloud
  3135 | D:2      | Quit the game

Illustrated notes

Levels and vault maps discovered:
D:1:      dpeg_arrival_castle, layout_basic
D:2:      layout_loops_ring, overflow_temple_1_default, grunt_ministairs_8,
          chequers_serial_rivers_large_a

Skill      XL: |  1  2  3 |
---------------+----------+-----
Poison Magic   | 4 |  4.2
Air Magic      | 3 |  3.3
Dodging        | |  1.7
Stealth        | |  1.7
Spellcasting   | |  2.3
Transmutations | |  0.8

Action                   |  1- 3 |  4- 6 || total
-------------------------+-------+-------++-------
Melee: Short sword       |     9 |       ||     9
 Fire: Hunting sling     |    16 |       ||    16
Throw: Stone             |     3 |       ||     3
 Cast: Sting             |     6 |       ||     6
       Poisonous Vapours |    30 |    19 ||    49
 Stab: Sleeping          |     1 |       ||     1
Armor: Robe              |     3 |       ||     3
Dodge: Dodged            |    15 |     1 ||    16

Table legend: (Time is in decaauts)
 A = Elapsed time spent in this place.
 B = Non-inter-level travel time spent in this place.
 C = Inter-level travel time spent in this place.
 D = Time resting spent in this place.
 E = Time spent auto-exploring this place.
 F = Levels seen in this place.
 G = Mean time per level.
                   A        B        C        D        E       F      G
               +--------+--------+--------+--------+--------+-----+--------+
         Total |   3158 |   2746 |    412 |      8 |   2400 |   2 | 1579.0 |
       Dungeon |   3158 |   2746 |    412 |      8 |   2400 |   2 | 1579.0 |
               +--------+--------+--------+--------+--------+-----+--------+

Top non-repeatable levels by time:
     D:2: 1694 daAuts
     D:1: 1463 daAuts
